 Dungeon Crawl Stone Soup version 0.26-a0-84-g8c18429211 (webtiles) character file.

Game seed: 18357390366354354566

2328 Gargoyl the Chopper (level 9, -10/74 HPs)
             Began as a Centaur Abyssal Knight on June 19, 2020.
             Was an Elder of Lugonu.
             Mangled by an ogre
             ... wielding a +0 giant spiked club
              (23 damage)
             ... on level 6 of the Dungeon.
             The game lasted 00:13:49 (9237 turns).

Gargoyl the Chopper (Centaur Abyssal Knight)        Turns: 9237, Time: 00:13:49

Health: -10/74     AC: 11    Str: 15 (17) XL:     9   Next: 19%
Magic:  13/13      EV:  5    Int: 10 (11) God:    Lugonu [****..]
Gold:   14         SH:  5    Dex:  9 (10) Spells: 8/8 levels left

rFire    . . .     SeeInvis +   a - +1 hand axe (freeze)
rCold    . . .     Gourm    .   (no shield)
rNeg     . . .     Faith    .   b - +0 chain mail
rPois    .         Spirit   .   i - +1 helmet
rElec    .         Reflect  +   (no cloak)
rCorr    +         Harm     .   (no gloves)
MR       ++...                  (no barding)
Stlth    ..........             t - amulet of reflection (curse)
HPRegen  0.22/turn              d - ring of resist corrosion
MPRegen  0.13/turn              j - ring of see invisible

@: very quick
A: large, fangs 1, hooves 3, deformed body, speed 2, magic resistance 2, tough
skin 3
a: Depart the Abyss, Bend Space, Banish, Corrupt, Renounce Religion


You were on level 6 of the Dungeon.
You worshipped Lugonu.
Lugonu was greatly pleased with you.
You were not hungry.

You visited 1 branch of the dungeon, and saw 6 of its levels.
You visited the Abyss 1 time.

You collected 294 gold pieces.
You spent 280 gold pieces at shops.

Inventory:

Hand Weapons
 a - a +1 hand axe of freezing (weapon)
Missiles
 k - 6 boomerangs (quivered)
Armour
 b - a +0 chain mail (worn)
 i - a +1 helmet (worn)
Jewellery
 d - a ring of resist corrosion (left hand)
 j - a ring of see invisible (right hand)
 t - a cursed amulet of reflection (around neck)
Wands
 n - a wand of flame (20)
 o - a wand of polymorph (2)
Scrolls
 e - 2 scrolls of fog
 f - a scroll of remove curse
 g - 2 scrolls of identify
 h - 2 scrolls of blinking
 m - a scroll of fear
 p - a scroll of vulnerability {unknown}
 q - 5 scrolls of teleportation
Potions
 r - a potion of resistance
 s - a potion of mutation
 u - a potion of haste
Comestibles
 c - 9 rations
 l - 3 chunks of flesh


   Skills:
 + Level 5.0 Fighting
 + Level 5.8 Axes
 + Level 1.3 Throwing
 * Level 5.4 Armour
 * Level 3.6 Dodging
 * Level 5.4 Invocations


You had 8 spell levels left.
You didn't know any spells.
Your spell library contained the following spells:

 Spells                   Type           Power        Failure   Level  Hunger
 Beastly Appendage        Tmut           #.....       100%        1    ##.....
 Magic Dart               Conj           #...         100%        1    ##.....
 Searing Ray              Conj           #.....       100%        2    ###....
 Sticks to Snakes         Tmut           #.......     100%        2    ###....
 Dazzling Flash           Conj/Hex       #.....       100%        3    ####...
 Spider Form              Tmut/Pois      #.........   100%        3    ####...
 Fulminant Prism          Conj/Hex       #.........   100%        4    #####..
 Ice Form                 Ice/Tmut       #.......     100%        4    #####..
 Iskenderun's Mystic Bla  Conj/Tloc      #.......     100%        4    #####..
 Blade Hands              Tmut           #.........   100%        5    ######.


Dungeon Overview and Level Annotations

Branches:
Dungeon (6/15)             Temple (0/1) D:4

Altars:
Gozag
Kikubaaqudgha
Makhleb
Nemelex Xobeh
Qazlal
Ru
Vehumet

Shops:
D:4 (*   D:6 ?


Innate Abilities, Weirdness & Mutations

You have hooves in place of feet.
Armour fits poorly on your strangely shaped body.
You cover ground very quickly.
You have extremely tough skin. (AC +3)
You have very sharp teeth.
You are highly resistant to hostile enchantments. (MR++)


Message History

You hit the ogre. You freeze the ogre.
The ogre hits you with a +0 giant spiked club!!
The orc priest barely misses you.
You hit the orc priest. You freeze the orc priest.
Your kick misses the orc priest.
The orc priest is almost dead.
You hit the ogre. You freeze the ogre. You closely miss the orc wizard.
The ogre hits you with a +0 giant spiked club!
The orc priest hits you but does no damage.
Your chain mail prevents you from hitting the orc priest.
Your bite misses the orc priest.
The orc priest is almost dead.
You hit the orc wizard. You freeze the orc wizard. You hit the ogre.
You freeze the ogre.
The orc wizard hits you but does no damage.
The orc priest calls down the wrath of Beogh upon you.
Beogh smites you!
* * * LOW HITPOINT WARNING * * *
The ogre hits you with a +0 giant spiked club!!
You die...

#.......# ##
##.......### #.
#..........# #.
#........#.# #.
#.......##.# #.
#...(.#.##.#
#####.
#..........##
#.....
#####.......#
#.###.
#.O@o...#
#.##♣.
........o......
#.#...
.......o.....##
#.#...
.....(.#.o...$#
#.#...
.......#......#
###.'...
.......#......#
#.(.#...
#########...###
###.#... ...#
#.###. #.# #.


You could see an ogre, an orc priest and 3 orc wizards.

Vanquished Creatures
  Sigmund (D:4)
  3 phantoms (D:5)
  2 ice beasts (D:5)
  3 ogres
  A centaur (D:5)
  A bullfrog (D:6)
  A water moccasin skeleton (D:5)
  2 scorpions
  A howler monkey (D:4)
  3 crimson imps
  3 orc priests
  A bullfrog skeleton (D:5)
  A centaur skeleton (D:4)
  3 hounds
  3 orc wizards
  Ijyb (D:2)
  An iguana (D:6)
  8 worker ants
  A killer bee zombie (D:5)
  3 gnolls (D:2)
  9 adders
  A shadow imp (D:6)
  An ooze (D:2)
  An adder skeleton (D:5)
  6 worms
  4 dart slugs
  6 leopard geckos
  21 orcs
  17 bats
  6 giant cockroaches
  5 goblins
  11 hobgoblins
  7 jackals
  9 kobolds
  3 quokkas
  2 ball pythons (D:1)
  9 frilled lizards
  10 rats
171 creatures vanquished.

Vanquished Creatures (others)
  The ghost of sirjames the Grave Robber, a novice DDNe of Sif Muna (D:5)
  A kobold (D:3)
2 creatures vanquished.

Grand Total: 173 creatures vanquished

Notes
Turn   | Place    | Note
-------+----------+-------------------------------------------
     0 | Abyss:1  | Gargoyl the Centaur Abyssal Knight began the quest for the
                  | Orb.
     0 | Abyss:1  | Reached XP level 1. HP: 19/19 MP: 2/2
    27 | Abyss:2  | Noticed an ancient zyme
    49 | Abyss:2  | Noticed a smoke demon
    52 | Abyss:2  | Gained mutation: You have very sharp teeth. [potion of
                  | mutation]
    52 | Abyss:2  | Gained mutation: You are resistant to hostile enchantments.
                  | (MR+) [potion of mutation]
    52 | Abyss:2  | Gained mutation: You are highly resistant to hostile
                  | enchantments. (MR++) [potion of mutation]
    53 | D:1      | Escaped the Abyss
   147 | D:1      | Reached XP level 2. HP: 26/26 MP: 3/3
   168 | D:1      | Reached * piety under Lugonu
   596 | D:1      | Reached skill level 1 in Dodging
   722 | D:1      | Reached XP level 3. HP: 30/31 MP: 4/4
   988 | D:1      | Reached ** piety under Lugonu
  1221 | D:2      | Reached XP level 4. HP: 29/38 MP: 5/5
  2888 | D:3      | Reached XP level 5. HP: 46/46 MP: 7/7
  3226 | D:3      | Reached *** piety under Lugonu
  3468 | D:3      | Noticed Ijyb
  3513 | D:2      | Killed Ijyb
  4188 | D:3      | Found a radiant altar of Vehumet.
  4474 | D:4      | Found a staircase to the Ecumenical Temple.
  4523 | D:4      | Reached XP level 6. HP: 47/52 MP: 8/8
  4622 | D:4      | Found a sparkling altar of Nemelex Xobeh.
  5252 | D:4      | Reached **** piety under Lugonu
  5300 | D:4      | Found a sacrificial altar of Ru.
  5325 | D:4      | Found an opulent altar of Gozag.
  5340 | D:4      | Found Gozag's Platinum Reserve.
  5387 | D:4      | Found Ekhlon's Antique Weapon Emporium.
  5442 | D:4      | Noticed Sigmund
  5489 | D:4      | Killed Sigmund
  5489 | D:4      | Reached XP level 7. HP: 50/59 MP: 6/9
  5684 | D:4      | Found an ancient bone altar of Kikubaaqudgha.
  5878 | D:4      | Found a burning altar of Makhleb.
  5925 | D:5      | Entered Level 5 of the Dungeon
  6343 | D:5      | Reached XP level 8. HP: 47/67 MP: 8/11
  6670 | D:5      | Reached skill level 5 in Axes
  7115 | D:5      | Found a transporter.
  7119 | D:5      | Noticed sirjames's ghost (novice DDNe)
  7135 | D:5      | Found a transporter.
  7147 | D:5      | Reached skill level 1 in Throwing
  7147 | D:5      | Reached skill level 5 in Invocations
  7544 | D:5      | Found a stormy altar of Qazlal.
  7545 | D:5      | Noticed an air elemental
  8158 | D:5      | Banished sirjames's ghost
  8158 | D:5      | Reached skill level 5 in Armour
  8158 | D:5      | Reached XP level 9. HP: 28/73 MP: 7/12
  8632 | D:6      | Reached skill level 5 in Fighting
  8633 | D:6      | Found Iroapp's Magic Scroll Boutique.
  9169 | D:6      | Bought a scroll of brand weapon for 280 gold pieces
  9237 | D:6      | Mangled by an ogre

Illustrated notes

Levels and vault maps discovered:
D:1:      lordsloth_arrival_two_stooges, layout_basic, minivault_24
D:2:      layout_loops_corners, minmay_distorted
D:3:      layout_basic, fiery_altar_vehumet, feat_on_display, uniq_ijyb
D:4:      layout_gridville, nemelex_xobeh_ov_fountains_minmay,
          lemuel_doored_altar, kennysheep_little_box,
          nicolae_gozag_zags_fifth_avenue, minmay_temple_entry_butterflies,
          serial_shops, shop, first_ration, makhleb_heckhound_becter,
          uniq_sigmund
D:5:      minmay_recursive_quarters, layout_loops_ring, gammafunk_ghost_arena,
          nicolae_qazlal_style_of_elements
D:6:      layout_basic, gammafunk_temple_overflow_elements, serial_shops,
          nicolae_shop_trees

Skill      XL: |  1  2  3  4  5  6  7  8  9 |
---------------+----------------------------+-----
Axes           | 2 3 4 5 |  5.8
Dodging        | 1 2 3 |  3.6
Armour         | 2 3 4 5 |  5.4
Invocations    | 3 4 5 |  5.4
Fighting       | 4 5 |  5.0
Throwing       | 1 |  1.3

Action                   |  1- 3 |  4- 6 |  7- 9 || total
-------------------------+-------+-------+-------++-------
Melee: Hand axe          |   120 |   305 |   322 ||   747
       Kick              |    16 |    52 |    76 ||   144
       Bite              |     5 |    16 |    31 ||    52
Throw: Boomerang         |       |       |    13 ||    13
Invok: Depart the Abyss  |     1 |       |       ||     1
       Banish            |       |       |     2 ||     2
  Use: Scroll            |     6 |     7 |     4 ||    17
       Potion            |     2 |     3 |     4 ||     9
  Eat: Chunk             |     1 |    11 |    12 ||    24
Armor: Leather armour    |    41 |       |       ||    41
       Ring mail         |    30 |   154 |     4 ||   188
       Chain mail        |       |       |   221 ||   221
Dodge: Dodged            |    65 |   146 |    84 ||   295
Block: Other             |       |       |     3 ||     3

Table legend:
 A = Non-vault XP
 B = Vault XP
 C = Vault XP percentage of total XP
 D = Non-vault monster count
 E = Vault monster count
 F = Vault count percentage of total count
                 A         B        C        D         E       F
            +---------+---------+-------+---------+---------+-------
      Total |    2339 |     987 |  29.7 |     158 |      14 |   8.1
            +---------+---------+-------+---------+---------+-------
        D:1 |      56 |       0 |   0.0 |      32 |       0 |   0.0
        D:2 |     132 |      39 |  22.8 |      31 |       3 |   8.8
        D:3 |     172 |       0 |   0.0 |      35 |       0 |   0.0
        D:4 |     351 |     260 |  42.6 |      23 |       2 |   8.0
        D:5 |    1144 |     688 |  37.6 |      20 |       9 |  31.0
        D:6 |     484 |       0 |   0.0 |      17 |       0 |   0.0
            +---------+---------+-------+---------+---------+-------
